 Dungeon Crawl Stone Soup version 0.31-a0-246-g8cbcc1cb85 (webtiles) character file.

Game seed: 9100583763428563451

477 cforsyth the Changeling (level 7, 0/59 HPs)
             Began as an Ogre Shapeshifter on July 13, 2023.
             Was a Follower of Hepliaklqana.
             Succumbed to Edmund's poison
             ... on level 5 of the Dungeon.
             The game lasted 00:03:58 (4928 turns).

cforsyth the Changeling (Ogre Shapeshifter)         Turns: 4928, Time: 00:03:59

Health: 0/59       AC:  3    Str: 22    XL:     7   Next: 11%
Magic:  7/7        EV:  9    Int:  9    God:    Hepliaklqana [*.....]
Gold:   210        SH:  0    Dex:  9    Spells: 6/6 levels left

rFire   . .          .
                       - Unarmed
rCold   . . .        (no shield)
rNeg    . . .        a - +0 animal skin
rPois   .            (helmet currently unavailable)
rElec   .            (cloak currently unavailable)
rCorr   .            (gloves unavailable)
SInv    .            (boots unavailable)
Will    .....        (no amulet)
Stlth   +            (no ring)
HPRegen 0.29/turn    (no ring)
MPRegen 0.10/turn

%: no passive effects
@: lethally poisoned (0 -> -21), beast-form
A: beast (slay +3), reduced essence, large, unfitting armour, tough skin 1
a: Renounce Religion, Recall Ancestor, Ancestor Identity


You were on level 5 of the Dungeon.
You worshipped Hepliaklqana.
Hepliaklqana was aware of your devotion.
You were a hulking beast.
You visited 2 branches of the dungeon, and saw 6 of its levels.

You collected 210 gold pieces.

Inventory:

Armour
 a - a +0 animal skin (worn)
Jewellery
 j - a +4 ring of protection
 n - an amulet of the acrobat
 r - a ring of positive energy
Talismans
 c - a beast talisman
Scrolls
 e - a scroll of enchant armour {unknown}
 h - 2 scrolls of vulnerability {unknown}
 i - 5 scrolls of teleportation {unknown}
 o - 2 scrolls of amnesia {unknown}
 q - 6 scrolls of identify {unknown}
 u - a scroll of revelation {unknown}
 v - a scroll of silence {unknown}
Potions
 b - a potion of lignification
 d - a potion of magic {unknown}
 f - 2 potions of brilliance {unknown}
 g - 3 potions of curing {unknown}
 k - a potion of might {unknown}
 l - a potion of haste {unknown}
 m - 2 potions of degeneration {unknown}
 p - 2 potions of heal wounds {unknown}
 s - 2 potions of berserk rage {unknown}
 t - 3 potions of enlightenment {unknown}


   Skills:
 - Level 2.6 Fighting
 - Level 1.7 Dodging
 + Level 4.9 Unarmed Combat
 + Level 5.2 Shapeshifting


You had 6 spell levels left.
You didn't know any spells.
Your spell library contained the following spells:

 Spells                   Type           Power      Damage    Failure   Level
 Magic Dart               Conj           0%         1d3       38%         1
 Call Imp                 Summ           0%         N/A       52%         2
 Cigotuvi's Dreadful Rot  Necr/Pois/Air  0%         N/A       52%         2
 Call Canine Familiar     Summ           0%         N/A       77%         3
 Dazzling Flash           Conj/Hex       0%         N/A       77%         3
 Ignite Poison            Fire/Tmut/Pois 0%         N/A       77%         3
 Mephitic Cloud           Conj/Pois/Air  0%         N/A       77%         3
 Portal Projectile        Hex/Tloc       0%         N/A       77%         3
 Volatile Blastmotes      Fire/Tloc      0%         2d10      77%         3
 Leda's Liquefaction      Hex/Erth       0%         N/A       99%         4
 Freezing Cloud           Conj/Ice/Air   0%         6-21      100%        5
 Starburst                Conj/Fire      0%         6d3       100%        6
 Maxwell's Capacitive Co  Air            0%         ∞         100%        8


Dungeon Overview and Level Annotations

Branches:
Dungeon (5/15)             Temple (1/1) D:4

Altars:
Ashenzari
Cheibriados
Dithmenos
Elyvilon
Fedhas
Gozag
Hepliaklqana
Kikubaaqudgha
Makhleb
Nemelex Xobeh
Okawaru
Qazlal
Ru
Sif Muna
Trog
Uskayaw
Vehumet
Wu Jian
Xom
Yredelemnul
Zin
The Shining One

Shops:
D:4 !

Annotations:
D:3 3 runed translucent doors, cforsyth's ghost, amateur OgSh
D:5 Edmund


Innate Abilities, Weirdness & Mutations

You are a hulking beast.
Your limbs bulge with bestial killing power. (Slay +3)
Your life essence is reduced to manifest your ancestor. (-10% HP)
You are too large for most types of armour.
You have tough skin. (AC +1)


Message History

You are poisoned.
You barely miss Edmund.
Edmund is moderately wounded.
You feel very sick.
Cynebald hits Edmund but does no damage.
Edmund barely misses you.
You hit Edmund but do no damage.
Edmund is moderately wounded.
You feel sick.
Cynebald hits Edmund but does no damage.
Edmund hits you with a +1 flail of venom.
You are more poisoned.
You hit Edmund.
Edmund is moderately wounded.
You feel very sick.
Cynebald barely misses Edmund.
Edmund hits you with a +1 flail of venom!
You are more poisoned.
You hit Edmund but do no damage.
Edmund is moderately wounded.
You feel very sick.
Cynebald barely misses Edmund.
Edmund hits you with a +1 flail of venom.
You are more poisoned.
You are too injured to fight recklessly!
You are too injured to fight recklessly!
You are too injured to fight recklessly!
You are too injured to fight recklessly!
You are too injured to fight recklessly!
You are too injured to fight recklessly!
Edmund attacks as you move away! Edmund completely misses you.
* * * LOW HITPOINT WARNING * * *
You feel extremely sick.
Edmund hits Cynebald with a +1 flail of venom.
Cynebald completely misses Edmund.
* * * LOW HITPOINT WARNING * * *
You feel extremely sick.
Cynebald closely misses Edmund.
Okay, then.
You die...

###########
#....R....###
#.:..@.......
#.h######.##. #..#
#.†# #..# #..# ..
#..# ##.# #..#
####.#... #. #..#
#......#. ..
#..###.##.#...####.


You could see the friendly Cynebald the ancestor and Edmund (ally target).

Vanquished Creatures
  A black bear (D:4)
  A scorpion (D:5)
  An orc priest (D:5)
  A hound (D:5)
  4 iguanas
  2 orc wizards (D:3)
  2 worms (D:2)
  5 dart slugs
  11 orcs
  9 ball pythons
  4 endoplasms
  4 goblins
  6 hobgoblins
  11 jackals (D:3)
  3 quokkas
  3 bats
  3 frilled lizards
  10 kobolds
  5 rats
86 creatures vanquished.

Vanquished Creatures (collateral kills)
  2 orcs (D:5)
2 creatures vanquished.

Grand Total: 88 creatures vanquished

Notes
Turn   | Place    | Note
-------+----------+-------------------------------------------
     0 | D:1      | cforsyth the Ogre Shapeshifter began the quest for the Orb.
     0 | D:1      | Reached XP level 1. HP: 22/22 MP: 1/1
   287 | D:1      | Reached XP level 2. HP: 28/29 MP: 2/2
   849 | D:2      | Reached XP level 3. HP: 36/36 MP: 3/3
  1083 | D:2      | Found a shimmering altar of Xom.
  1609 | D:3      | Reached XP level 4. HP: 44/44 MP: 4/4
  1993 | D:3      | Found a runed translucent gate.
  1995 | D:3      | Found a runed translucent gate.
  1995 | D:3      | Noticed a kobold brigand
  1995 | D:3      | Noticed cforsyth's ghost (amateur OgSh)
  1996 | D:3      | Found a runed translucent gate.
  2050 | D:4      | Noticed a black bear
  2145 | D:3      | Found a faded altar of an unknown god.
  2476 | D:3      | Reached skill level 4 in Shapeshifting
  2544 | D:3      | Reached XP level 5. HP: 27/50 MP: 5/5
  3180 | D:4      | Found a staircase to the Ecumenical Temple.
  3195 | Temple   | Entered the Ecumenical Temple
  3452 | Temple   | Became a worshipper of Hepliaklqana the Forgotten
  3777 | D:4      | Killed a black bear
  3778 | D:4      | Reached XP level 6. HP: 31/59 MP: 6/6
  3973 | D:4      | Found a glowing silver altar of Zin.
  3973 | D:4      | Found an opulent altar of Gozag.
  4062 | D:4      | Found Zinuky's Distillery.
  4241 | D:4      | Identified the +1 pair of gloves of an ice cave {Fly Will+
                  | Slay+3}
  4489 | D:5      | Entered Level 5 of the Dungeon
  4589 | D:5      | Reached * piety under Hepliaklqana
  4763 | D:5      | Reached skill level 5 in Shapeshifting
  4830 | D:5      | Reached XP level 7. HP: 54/59 MP: 7/7
  4916 | D:5      | Noticed Edmund
  4928 | D:5      | Succumbed to Edmund's poison

Illustrated notes

Levels and vault maps discovered:
D:1:      minmay_arrival_doors, layout_loops_ring
D:2:      layout_basic, basic_altar
D:3:      layout_basic, hellmonk_ecumenical_altar_run_dry,
          gammafunk_ghost_nasty_kobolds, hangedman_decor_clover_reticule,
          minmay_vboxes
D:4:      wander_river, layout_basic, grunt_temple_overflow_gold_and_silver,
          minmay_temple_entry_overgrown, serial_shops, shop,
          dreamdust_mushroom_princess
D:5:      layout_loops_ring, grunt_ministairs_13, uniq_grinder, uniq_edmund
Temple:   mainiacjoe_temple_big_plus

Skill      XL: |  1  2  3  4  5  6 |
---------------+-------------------+-----
Unarmed Combat | 2 3 4 |  4.9
Shapeshifting  | 4 5 |  5.2
Fighting       | |  2.6
Dodging        | |  1.7

Action                     |  1- 3 |  4- 6 |  7- 9 || total
---------------------------+-------+-------+-------++-------
  Melee: Unarmed           |   103 |   125 |    10 ||   238
         Punch             |     1 |     4 |       ||     5
   Stab: Sleeping          |       |     1 |       ||     1
 Armour: Animal skin       |    31 |    39 |     2 ||    72
  Dodge: Dodged            |    37 |    75 |     4 ||   116

Table legend: (Time is in decaauts)
 A = Elapsed time spent in this place.
 B = Non-inter-level travel time spent in this place.
 C = Inter-level travel time spent in this place.
 D = Time resting spent in this place.
 E = Time spent auto-exploring this place.
 F = Levels seen in this place.
 G = Mean time per level.
                   A        B        C        D        E       F      G
               +--------+--------+--------+--------+--------+-----+--------+
         Total |   4916 |   4722 |    194 |    304 |   3815 |   6 |  819.3 |
       Dungeon |   4490 |   4322 |    168 |    304 |   3432 |   5 |  898.0 |
        Temple |    425 |    399 |     26 |      0 |    383 |   1 |  425.0 |
               +--------+--------+--------+--------+--------+-----+--------+

Top non-repeatable levels by time:
     D:3: 1363 daAuts
     D:2: 1002 daAuts
     D:4: 919 daAuts
     D:1: 768 daAuts
     D:5: 436 daAuts
  Temple: 425 daAuts
